 Dungeon Crawl Stone Soup version bcrawl-1.39.1 (webtiles) character file.

Game seed: 7002067008877591645

594735 corax the Unseen (level 18, -1/101 HPs)
             Began as a Spriggan Archaeologist on June 25, 2023.
             Was a High Priest of Ashenzari.
             Slain by a nagaraja
             ... wielding a +1 whip of electrocution
              (10 damage)
             ... on level 3 of the Snake Pit on July 23, 2023.
             The game lasted 03:04:31 (29996 turns).

corax the Unseen (Spriggan Archaeologist)          Turns: 29996, Time: 03:04:32

Health: -1/101     AC: 16    Str: 18    XL:     18   Next: 13%
Magic:  22/22      EV: 37    Int: 17    God:    Ashenzari [*****.]
Gold:   1389       SH:  0    Dex: 20    Spells: 21/21 levels left

rFire    . . .     GDR:     36% a - +5 dagger (venom)
rCold    . . .     SeeInvis +   (shield restricted)
rNeg     . . .     Gourm    .   f - +1 troll leather armour (curse)
rPois    .         Faith    .   d - +2 hat (curse)
rElec    .         Spirit   .   A - +2 cloak (curse)
rCorr    .         Reflect  .   (gloves unavailable)
MR       +++..     Clarity  +   (boots unavailable)
Stlth    ++++++++..             q - amulet "Keytimen" {Regen Str+8 Int-2 Dex+4} (curse)
HPRegen  1.32/turn              u - +4 ring of evasion
MPRegen  0.18/turn              j - +5 ring of protection

@: constricted, very quick
A: very small, unfitting armour, see invisible, herbivore, speed 3, slow
metabolism 2
a: Curse Item, Scrying, Transfer Knowledge, Renounce Religion


You were on level 3 of the Snake Pit.
You worshipped Ashenzari.
Ashenzari was extremely pleased with you.
You were not hungry.

You visited 7 branches of the dungeon, and saw 26 of its levels.

You collected 2704 gold pieces.
You spent 1315 gold pieces at shops.

Inventory:

Hand Weapons
 a - a +5 dagger of venom (weapon)
 b - a +4 hand crossbow of venom
 r - a +4 dagger
Missiles
 O - 3553 bolts (quivered)
Armour
 d - a cursed +2 hat (worn)
 f - a cursed +1 troll leather armour (worn)
 A - a cursed +2 cloak (worn)
Jewellery
 j - a +5 ring of protection (right hand)
 q - the cursed amulet "Keytimen" (around neck) {Regen Str+8 Int-2 Dex+4}
   (You bought it in a shop in the Orcish Mines)

   [amulet of regeneration]

   It affects your strength (+8).
   It affects your intelligence (-2).
   It affects your dexterity (+4).
   It has a curse placed upon it.
 u - a +4 ring of evasion (left hand)
 J - an uncursed ring of wizardry
Wands
 n - a wand of digging (17)
 F - a wand of paralysis (8)
 N - a wand of random effects (12)
 S - a wand of flame (23)
 X - a wand of acid (5)
Scrolls
 c - a scroll of brand weapon {unknown}
 g - 4 scrolls of revelation
 l - 8 scrolls of amnesia
 s - a scroll of immolation {unknown}
 v - 10 scrolls of remove curse
 x - a scroll of summoning {unknown}
 E - 8 scrolls of teleportation
 H - 5 scrolls of fear
 Q - a scroll of silence
 W - a scroll of blinking
 Z - 2 scrolls of fog
Potions
 m - 7 potions of haste
 o - 5 potions of brilliance
 t - 5 potions of berserk rage
 w - 8 potions of mutation
 z - 3 potions of curing
 B - a potion of agility
 C - a potion of might
 D - 4 potions of invisibility
 I - 5 potions of flight
Miscellaneous
 U - a lightning rod (4/4)
 V - a phial of floods
Comestibles
 e - 16 rations {!d}


   Skills:
 + Level 13.6(16.1) Fighting
 + Level 12.0(14.7) Short Blades
   Level 4.3(9.0) Long Blades
   Level 0.9(2.5) Maces & Flails
 + Level 13.4(15.9) Crossbows
 + Level 3.7(6.5) Armour
 + Level 18.2(20.0) Dodging
 + Level 19.6(21.2) Stealth
 + Level 2.4(4.4) Spellcasting
   Level 2.0(4.0) Invocations
 + Level 3.0(5.1) Evocations


You had 21 spell levels left.
You didn't know any spells.
Your spell library contained the following spells:

 Spells                   Type           Power        Failure   Level  Hunger
 Apportation              Tloc           #.....       17%         1    None
 Corona                   Hex            #......      17%         1    None
 Infusion                 Chrm           #.......     17%         1    None
 Magic Dart               Conj           #...         17%         1    None
 Sandblast                Erth           #.....       17%         1    None
 Slow                     Hex            #.......     17%         1    None
 Summon Butterflies       Summ           #.......     17%         1    None
 Blink                    Tloc           N/A          26%         2    None
 Call Imp                 Summ           #.....       26%         2    None
 Poisonous Vapours        Pois/Air       #.....       26%         2    None
 Searing Ray              Conj           #.......     26%         2    None
 Swiftness                Chrm/Air       #.......     26%         2    None
 Beckoning                Tloc           #.........   45%         3    ###....
 Conjure Flame            Conj/Fire      #.......     45%         3    ###....
 Iskenderun's Mystic Bla  Conj           #.......     45%         3    ###....
 Mephitic Cloud           Conj/Pois/Air  #.......     45%         3    ###....
 Spider Form              Tmut/Pois      #..          45%         3    ###....
 Tukima's Dance           Hex            #.......     45%         3    ###....
 Fulminant Prism          Conj/Hex       #.........   86%         4    #####..
 Ice Form                 Ice/Tmut       #.......     86%         4    #####..
 Yara's Violent Unravell  Hex/Tmut       #.........   86%         4    #####..
 Blade Hands              Tmut           #.........   99%         5    ######.
 Freezing Cloud           Ice/Air        #.......     99%         5    ######.
 Irradiate                Conj/Tmut      #.........   99%         5    ######.
 Silence                  Hex/Air        #.........   99%         5    ######.
 Steam Barrier            Chrm/Fire      #.........   99%         5    ######.
 Conjure Ball Lightning   Conj/Air       #.........   100%        6    #######
 Deflect Missiles         Chrm/Air       #.........   100%        6    #######
 Invisibility             Hex            #.......     100%        6    #######
 Orb of Destruction       Conj           #.........   100%        7    #######
 Spellforged Servitor     Conj/Summ      #.........   100%        7    #######


Dungeon Overview and Level Annotations

Branches:
Dungeon (11/12)            Temple (1/1) D:7            Lair (6/6) D:7
 Shoals (0/3) Lair:4        Snake (3/3) Lair:4        Slime (0/5) Lair:6
    Orc (1/1) D:10            Elf (3/3) Orc          Vaults (1/3) D:11
  Crypt (0/2) Vaults:1

Altars:
Ashenzari
Cheibriados
Dithmenos
Elyvilon
Fedhas
Hepliaklqana
Kikubaaqudgha
Lugonu
Makhleb
Nemelex Xobeh
Okawaru
Qazlal
Ru
Sif Muna
Trog
Uskayaw
Vehumet
Wu Jian
Xom
Yredelemnul
Zin
The Shining One
Jiyva

Shops:
D:4 %   D:5 ?   Orc =[*%}   Vaults:1 [

Annotations:
Lair:2 Gastronok
Snake:2 Vashnia
Elf:3 Aizul


Innate Abilities, Weirdness & Mutations

You are very small and have problems with some larger weapons.
You are too small for most types of armour.
You have supernaturally acute eyesight. (SInv)
You are a herbivore.
You cover ground extremely quickly.
You need to consume almost no food.


Message History

The poison arrow misses you.
* * * LOW HITPOINT WARNING * * *
The nagaraja constricts you.
You hit the nagaraja but do no damage.
The nagaraja is almost dead.
The nagaraja misses you.
* * * LOW HITPOINT WARNING * * *
The nagaraja constricts you.
You hit the nagaraja but do no damage.
The nagaraja is almost dead.
The nagaraja gestures at you while chanting.
The poison arrow misses you.
* * * LOW HITPOINT WARNING * * *
The nagaraja constricts you.
You hit the nagaraja.
The nagaraja is almost dead.
You hit the nagaraja.
The nagaraja is almost dead.
The nagaraja hits you with a +1 whip of electrocution!
You die...

..###### ###
########## ..#
#.)......# ..#
#........# ##
..###.......## *.#
..)##{####..## ##.#
....).# #.).# #..*
..###.####...###.#*
..# #)..###..##.@#
.## #)........#N.#
.## #..#####.....#
..# #.## ##....##
..###.# ##.#..#
......## ##.###.#
####...#####.## ###
#......##.#
####.###....#######


You could see a nagaraja.

Vanquished Creatures
  Bai Suzhen (Elf:2)
  Rupert (Lair:5)
  Jorgrun (Snake:1)
  2 deep elf blademasters
  Kirke (Lair:5)
  Agnes (Elf:1)
  2 nagarajas (Snake:1)
  A vault warden (D:11)
  Nessos (Lair:6)
  A deep elf demonologist (Elf:2)
  A deep elf annihilator (Elf:1)
  2 deep elf death magi (Elf:2)
  An ettin (Orc)
  Urug (Lair:2)
  11 naga warriors
  4 hydras
  Erica (D:10)
  5 vault guards (D:11)
  Psyche (D:10)
  3 catoblepae (Lair:6)
  Sonja (Lair:2)
  2 tengu warriors (D:11)
  A two-headed ogre (D:10)
  8 anacondas
  18 dancing weapons
  A deep troll shaman (Lair:6)
  An alligator (Lair:5)
  14 death yaks
  2 orc high priests
  12 deep elf knights
  5 naga sharpshooters
  3 shock serpents
  Nergalle (Lair:4)
  2 centaur warriors (Vaults:1)
  10 deep elf archers
  7 orc knights
  A lindwurm (Lair:6)
  A wolf spider zombie (D:9)
  3 orc sorcerers
  38 deep elf magi
  2 mana vipers
  A manticore (Lair:5)
  28 elephants
  2 ugly things (D:10)
  3 salamanders
  19 black mambas
  8 naga magi
  2 gargoyles (D:11)
  2 guardian serpents (Snake:3)
  A kobold demonologist (D:7)
  10 komodo dragons
  16 cane toads
  3 yaktaurs (D:11)
  3 rime drakes
  A tengu conjurer (D:11)
  A queen bee (Lair:2)
  6 trolls
  5 polar bears
  A hornet (D:7)
  A harpy skeleton (D:11)
  7 blink frogs
  2 dream sheep (D:10)
  A meliai zombie (D:11)
  8 hippogriffs
  3 air elementals
  8 spriggans (Lair:1)
  2 fire elementals (Elf:2)
  2 shadows
  10 basilisks
  10 yaks
  2 hogs (Lair:5)
  5 wyverns
  A hungry ghost (D:6)
  A steam dragon (Lair:2)
  Menkaure (D:7)
  An acid dragon (D:10)
  19 nagas
  9 crocodiles
  15 water moccasins
  8 porcupines
  3 ice beasts
  2 black bears
  26 orc warriors
  2 sky beasts
  2 hornet zombies
  A phantom (D:10)
  19 wolves
  6 ogres
  13 bullfrogs
  4 kobold brigands
  2 earth elementals (Elf:2)
  A wyvern skeleton (D:9)
  17 centaurs
  2 scorpions
  A water moccasin skeleton (D:7)
  26 killer bees (Lair:2)
  7 wights
  3 howler monkeys
  6 orc priests
  6 crimson imps
  4 hounds
  15 jellies
  4 bullfrog skeletons
  5 iguanas
  10 orc wizards
  9 worker ants
  2 killer bee zombies
  A hound skeleton (D:10)
  2 worker ant zombies
  A howler monkey skeleton (D:7)
  9 adders
  2 river rats (Lair:2)
  2 shadow imps
  2 oozes
  3 adder skeletons
  An adder zombie (D:8)
  3 worms
  7 dart slugs
  5 leopard geckos
  55 orcs
  2 bats
  A goblin (D:1)
  7 hobgoblins
  14 jackals
  5 quokkas
  5 frilled lizards
  A jackal skeleton (D:4)
  13 kobolds
  A quokka skeleton (D:3)
  6 rats
  A plant (D:7)
750 creatures vanquished.

Vanquished Creatures (others)
  2 deep elf magi
  17 fungi
  13 plants
32 creatures vanquished.

Grand Total: 782 creatures vanquished

Notes
Turn   | Place    | Note
-------+----------+-------------------------------------------
     0 | D:1      | corax the Spriggan Archaeologist began the quest for the
                  | Orb.
     0 | D:1      | Reached XP level 1. HP: 9/9 MP: 2/2
    64 | D:1      | Reached skill level 5 in Stealth
   155 | D:1      | Reached XP level 2. HP: 13/14 MP: 3/3
   357 | D:1      | Reached skill level 5 in Dodging
   847 | D:2      | Reached XP level 3. HP: 17/17 MP: 4/4
  1195 | D:2      | Reached skill level 6 in Stealth
  1218 | D:2      | Reached skill level 1 in Fighting
  1614 | D:3      | Reached XP level 4. HP: 20/22 MP: 5/5
  1678 | D:3      | Reached skill level 1 in Short Blades
  2057 | D:3      | Reached skill level 7 in Stealth
  2057 | D:3      | Reached XP level 5. HP: 23/25 MP: 6/6
  2057 | D:3      | Identified a scroll of acquirement
  2325 | D:4      | Found Pauts's Food Boutique.
  2380 | D:4      | Identified the amulet of Rationality {Regen Int+5 Dex+3}
                  | (You acquired it on level 4 of the Dungeon)
  2415 | D:4      | Noticed an ogre
  2565 | D:4      | Reached skill level 8 in Stealth
  2571 | D:4      | Killed an ogre
  2572 | D:4      | Reached XP level 6. HP: 30/30 MP: 7/7
  2756 | D:5      | Entered Level 5 of the Dungeon
  2763 | D:5      | Reached skill level 9 in Stealth
  2804 | D:5      | Found a hazy altar of Hepliaklqana.
  2914 | D:5      | Reached XP level 7. HP: 25/34 MP: 8/8
  3094 | D:5      | Reached skill level 10 in Stealth
  3503 | D:5      | Found Xuats's Magic Scroll Shop.
  3506 | D:5      | Bought a scroll of identify for 26 gold pieces
  3506 | D:5      | Bought a scroll of identify for 26 gold pieces
  3711 | D:6      | Noticed a hungry ghost
  3733 | D:6      | Reached skill level 5 in Short Blades
  3776 | D:6      | Reached XP level 8. HP: 33/39 MP: 9/9
  3834 | D:6      | Got a bound jade ring
  3844 | D:6      | Reached skill level 1 in Long Blades
  4203 | D:6      | Identified the cursed ring of Soij {Str-5 Dex+6 Stlth--}
                  | (You found it on level 6 of the Dungeon)
  4358 | D:7      | Reached skill level 11 in Stealth
  4571 | D:7      | Found a staircase to the Lair.
  4572 | D:7      | Noticed a komodo dragon
  4579 | D:7      | Noticed a hornet
  4581 | D:7      | Killed a hornet
  4696 | D:7      | Reached XP level 9. HP: 35/45 MP: 10/10
  4701 | D:7      | Noticed a kobold demonologist
  4717 | D:7      | Killed a kobold demonologist
  4718 | D:7      | Reached skill level 12 in Stealth
  4969 | D:7      | Killed a komodo dragon
  4971 | Lair:1   | Entered Level 1 of the Lair of Beasts
  5088 | Lair:1   | Noticed a komodo dragon
  5092 | Lair:1   | Killed a komodo dragon
  5093 | Lair:1   | Reached skill level 13 in Stealth
  5287 | Lair:1   | Noticed a cane toad
  5383 | Lair:1   | Killed a cane toad
  5384 | Lair:1   | Reached skill level 14 in Stealth
  5385 | Lair:1   | Noticed a cane toad
  5392 | Lair:1   | Killed a cane toad
  5393 | Lair:1   | Reached XP level 10. HP: 32/51 MP: 11/11
  5718 | Lair:1   | Reached skill level 15 in Stealth
  5799 | Lair:1   | Reached skill level 10 in Dodging
  6427 | Lair:2   | Noticed a cane toad
  6429 | Lair:2   | Reached skill level 16 in Stealth
  6433 | Lair:2   | Killed a cane toad
  6435 | Lair:2   | Noticed Sonja
  6438 | Lair:2   | Noticed a cane toad
  6446 | Lair:2   | Killed Sonja
  6447 | Lair:2   | Reached skill level 5 in Fighting
  6447 | Lair:2   | Killed a cane toad
  6471 | Lair:2   | Noticed an elephant
  6484 | Lair:2   | Killed an elephant
  6485 | Lair:2   | Reached skill level 17 in Stealth
  6485 | Lair:2   | Reached XP level 11. HP: 55/55 MP: 12/12
  7851 | D:6      | Reached skill level 1 in Crossbows
  7976 | D:7      | Noticed Menkaure
  8045 | D:7      | Killed Menkaure
  8324 | D:7      | Found a staircase to the Ecumenical Temple.
  8362 | Temple   | Entered the Ecumenical Temple
  8578 | Temple   | Became a worshipper of Ashenzari the Shackled
  8579 | Temple   | Found the cursed amulet of Vision {SInv *Curse}
  8726 | D:8      | Reached skill level 10 in Short Blades
  9110 | D:8      | Got the quarterstaff "Wicro" {protect, rN+ Int+4 Dex+3}
  9262 | D:9      | Reached * piety under Ashenzari
 10160 | D:9      | Noticed an orc knight
 10181 | D:9      | Killed an orc knight
 10357 | D:10     | Entered Level 10 of the Dungeon
 10584 | D:10     | Noticed a brown ugly thing
 10586 | D:10     | Noticed an orc knight
 10586 | D:10     | Noticed an orc knight
 10588 | D:10     | Killed a brown ugly thing
 10593 | D:10     | Noticed an orc knight
 10593 | D:10     | Noticed an orc knight
 10861 | D:10     | Reached skill level 5 in Crossbows
 10882 | D:10     | Noticed a two-headed hydra
 10930 | D:10     | Killed a two-headed hydra
 10931 | D:10     | Reached XP level 12. HP: 61/61 MP: 13/13
 11037 | D:10     | Noticed Psyche
 11049 | D:10     | Killed Psyche
 11093 | D:10     | Reached ** piety under Ashenzari
 11225 | D:10     | Noticed Erica
 11243 | D:10     | Killed Erica
 11267 | D:10     | Found a staircase to the Orcish Mines.
 11519 | D:10     | Noticed a two-headed ogre
 11543 | D:10     | Killed a two-headed ogre
 11940 | Lair:2   | Noticed Gastronok
 12201 | Lair:2   | Noticed Urug
 12497 | Lair:2   | Reached skill level 18 in Stealth
 12743 | Lair:2   | Killed Urug
 12805 | Lair:2   | Reached XP level 13. HP: 41/67 MP: 14/14
 14132 | Lair:4   | Found a staircase to the Shoals.
 14222 | Lair:4   | Reached *** piety under Ashenzari
 14334 | Lair:4   | Found a staircase to the Snake Pit.
 14428 | Lair:4   | Noticed Nergalle
 14780 | Lair:4   | Reached skill level 10 in Crossbows
 14959 | Lair:4   | Killed Nergalle
 15220 | Lair:5   | Noticed Kirke
 15235 | Lair:5   | Killed Kirke
 15394 | Lair:5   | Noticed Rupert
 15416 | Lair:5   | Killed Rupert
 15417 | Lair:5   | Reached XP level 14. HP: 74/74 MP: 15/15
 15944 | Lair:6   | Entered Level 6 of the Lair of Beasts
 15945 | Lair:6   | Noticed Nessos
 15951 | Lair:6   | Killed Nessos
 16064 | Lair:6   | Reached **** piety under Ashenzari
 16893 | Lair:6   | Reached skill level 10 in Fighting
 16917 | Lair:6   | Found a staircase to the Slime Pits.
 17076 | Lair:6   | Found a viscous altar of Jiyva.
 17930 | Lair:6   | Got the falchion of the Sugar Beet {slice, +Blink Str-4
                  | Int+3 Dex+6}
 18791 | D:11     | Reached ***** piety under Ashenzari
 19048 | D:11     | Reached XP level 15. HP: 81/81 MP: 16/16
 19977 | D:11     | Found a gate to the Vaults.
 20138 | Orc      | Entered the Orcish Mines
 20286 | Orc      | Found a staircase to the Elven Halls.
 20779 | Orc      | Found Wicoesk's Gadget Shoppe.
 20859 | Orc      | Reached skill level 15 in Dodging
 20950 | Orc      | Reached skill level 19 in Stealth
 21188 | Orc      | Found Rom Raph's Assorted Antiques.
 21188 | Orc      | Found Hoelap's Antique Armour Boutique.
 21190 | Orc      | Found Efacluc's Jewellery Shop.
 21192 | Orc      | Found Ruchi's Food Shoppe.
 21196 | Orc      | Bought a scroll of enchant weapon for 142 gold pieces
 21196 | Orc      | Bought a scroll labeled SINTEMA KI ZIT for 19 gold pieces
 21196 | Orc      | Bought a scroll of enchant armour for 142 gold pieces
 21615 | Orc      | Bought the amulet "Keytimen" {Regen Str+8 Int-2 Dex+4} for
                  | 960 gold pieces
 21747 | Elf:1    | Entered Level 1 of the Elven Halls
 21933 | Elf:1    | Identified the +0 helmet "Akood Ogaa" {+Fly rElec rF+}
 21944 | Elf:1    | Found an ancient bone altar of Kikubaaqudgha.
 22053 | Elf:1    | Reached skill level 1 in Armour
 22351 | Elf:1    | Identified the amulet of the Messenger {Inacc rF+ rN+
                  | Str-4}
 23106 | Elf:2    | Noticed Agnes
 23330 | Elf:1    | Killed Agnes
 23495 | Elf:2    | Reached XP level 16. HP: 88/88 MP: 16/20
 23634 | Elf:2    | Noticed Bai Suzhen
 23655 | Elf:2    | Found a runed gate.
 23655 | Elf:2    | Found a runed gate.
 23655 | Elf:2    | Found a runed gate.
 23790 | Elf:2    | HP: 2/85 [poisoned by a death drake (dark miasma)]
 23812 | Elf:2    | Killed Bai Suzhen
 24096 | Elf:2    | Reached XP level 17. HP: 93/93 MP: 21/21
 24692 | Elf:2    | Noticed a deep elf blademaster
 24745 | Elf:2    | Killed a deep elf blademaster
 24766 | Elf:2    | HP: 2/93 [deep elf knight/+3 short sword (35)]
 26077 | Elf:3    | Entered Level 3 of the Elven Halls
 26330 | Elf:3    | Noticed a deep elf blademaster
 26376 | Elf:3    | Killed a deep elf blademaster
 26416 | Elf:3    | Noticed Aizul
 26426 | Elf:3    | Noticed a deep elf blademaster
 26682 | Vaults:1 | Entered Level 1 of the Vaults
 26682 | Vaults:1 | Found a staircase to the Crypt.
 26682 | Vaults:1 | Found Reutagh's Armour Shop.
 27139 | Snake:1  | Entered Level 1 of the Snake Pit
 28300 | Snake:2  | Noticed Jorgrun
 28307 | Snake:1  | Upgraded the game from bcrawl-1.38.3 to bcrawl-1.39.1
 28522 | Snake:1  | Killed Jorgrun
 28702 | Snake:2  | Noticed Vashnia
 28958 | Snake:3  | Entered Level 3 of the Snake Pit
 29245 | Snake:3  | Reached XP level 18. HP: 61/100 MP: 22/22
 29381 | Snake:3  | Identified the Tome of Shifting Feathers
 29996 | Snake:3  | Slain by a nagaraja

Skill      XL: |  1  2  3  4  5  6  7  8  9 10 11 12 13 14 15 16 17 18 |
---------------+-------------------------------------------------------+-----
Stealth        | 5 6 7 8 9 10 11 14 17 18 19 | 19.6
Dodging        | 5 6 7 8 9 10 11 12 13 14 15 16 18 | 18.2
Fighting       | 1 2 4 5 6 7 8 10 11 13 | 13.6
Short Blades   | 1 2 3 5 6 7 9 10 11 12 | 12.0
Long Blades    | 2 3 4 |  4.3
Crossbows      | 5 8 10 11 12 13 | 13.4
Armour         | 2 3 |  3.7
Spellcasting   | 2 |  2.4
Invocations    | 2 |  2.0
Evocations     | 3 |  3.0
Maces & Flails | |  0.9

Action                   |  1- 3 |  4- 6 |  7- 9 | 10-12 | 13-15 | 16-18 || total
-------------------------+-------+-------+-------+-------+-------+-------++-------
Melee: Whip              |    74 |       |       |       |       |       ||    74
       Dagger            |    34 |   121 |   175 |   470 |   897 |   955 ||  2652
       Falchion          |       |     5 |    61 |   146 |       |       ||   212
 Fire: Blowgun           |       |       |    13 |       |       |       ||    13
       Hand crossbow     |       |       |       |   336 |   794 |   591 ||  1721
Invok: Curse Item        |       |       |       |     2 |     4 |       ||     6
Evoke: Phial of floods   |       |       |       |     1 |       |       ||     1
       Lightning rod     |       |       |       |       |     2 |       ||     2
  Use: Scroll            |       |     1 |    11 |     4 |    17 |     7 ||    40
       Potion            |       |       |       |       |     2 |     3 ||     5
 Stab: Sleeping          |    10 |    13 |    24 |    28 |    10 |     3 ||    88
       Distracted        |       |       |     1 |     2 |     2 |       ||     5
  Eat: Ration            |     1 |       |     3 |     7 |    11 |     9 ||    31
Armor: Robe              |    18 |     8 |    11 |    16 |    30 |       ||    83
       Troll leather arm |       |       |       |       |    28 |    74 ||   102
Dodge: Dodged            |   119 |   119 |   204 |   508 |   910 |   918 ||  2778
Block: Other             |       |       |       |    10 |       |       ||    10
